 Dungeon Crawl Stone Soup version 0.27-a0-860-gaf99fae3ca (webtiles) character file.

Game seed: 2699177631735603094

1874 jasper the Magician (level 8, -7/53 HPs)
             Began as a Demonspawn Hedge Wizard on Apr 2, 2021.
             Was an Initiate of Vehumet.
             Mangled by an alligator (11 damage)
             ... on level 6 of the Dungeon.
             The game lasted 00:15:49 (8062 turns).

jasper the Magician (Demonspawn Hedge Wizard)       Turns: 8062, Time: 00:15:49

Health: -7/53      AC: 12    Str: 10    XL:     8   Next: 91%
Magic:  4/17       EV: 12    Int: 17    God:    Vehumet [......]
Gold:   455        SH:  4    Dex: 14    Spells: 6/19 levels left

rFire    . . .     SeeInvis .   a - +0 dagger (elec)
rCold    . . .     Faith    .   (no shield)
rNeg     . . .     Spirit   .   b - +0 robe
rPois    +         Reflect  .   c - +0 hat
rElec    .         Harm     .   w - +0 cloak
rCorr    .         Rampage  .   n - +0 pair of gloves
Will     .....                  C - +0 pair of boots
Stlth    ++........             l - amulet of regeneration
HPRegen  1.17/turn              r - ring of poison resistance
MPRegen  0.15/turn              t - +4 ring of protection

@: no status effects
A: antennae 1, molten scales 2, condensation shield
a: Renounce Religion


You were on level 6 of the Dungeon.
You worshipped Vehumet.
Vehumet was noncommittal.
You visited 2 branches of the dungeon, and saw 8 of its levels.

You collected 455 gold pieces.

Inventory:

Hand Weapons
 a - a +0 dagger of electrocution (weapon)
 o - a +0 hand axe
 x - a +2 trident of venom
 E - the +4 trident "Tiuco" {flame, *Contam MP+9 Str+4 Int+7}
   (You found it on level 6 of the Dungeon)

   It has been specially enchanted to burn those struck by it, causing extra
   injury to most foes and up to half again as much damage against particularly
   susceptible opponents.
   It affects your strength (+4).
   It affects your intelligence (+7).
   It affects your magic capacity (+9).
   It causes magical contamination when unequipped.
Missiles
 j - 227 stones
 k - 53 poisoned darts
Armour
 b - a +0 robe (worn)
 c - a +0 hat (worn)
 n - a +0 pair of gloves (worn)
 w - a +0 cloak (worn)
 C - a +0 pair of boots (worn)
Magical Staves
 D - a staff of conjuration
Jewellery
 f - a +4 ring of slaying
 l - an amulet of regeneration (around neck)
 q - a ring of protection from fire
 r - a ring of poison resistance (left hand)
 t - a +4 ring of protection (right hand)
 u - an amulet of faith
 v - a ring of protection from cold
 y - a ring of willpower
Wands
 p - a wand of polymorph (9)
 B - a wand of digging (3)
 G - a wand of iceblast (8)
Scrolls
 d - 4 scrolls of identify
 e - a scroll of immolation
 i - 3 scrolls of fear
 F - 2 scrolls of teleportation
Potions
 g - 3 potions of might
 m - a potion of mutation
 s - 3 potions of lignification
 z - a potion of brilliance


   Skills:
 + Level 0.7 Fighting
 + Level 2.0 Dodging
 - Level 1.7 Stealth
 * Level 6.2 Spellcasting
 - Level 5.0 Conjurations
 - Level 3.4 Hexes
 - Level 1.0 Summonings
 - Level 3.1 Translocations
 - Level 3.0 Fire Magic
 - Level 3.1 Air Magic
 - Level 3.4 Poison Magic
 + Level 0.7 Evocations


You had 6 spell levels left.
You knew the following spells:

 Your Spells              Type           Power      Damage    Failure   Level
a - Magic Dart            Conj           88%        1d7       1%          1
b - Blink                 Tloc           N/A        N/A       5%          2
c - Call Imp              Summ           8%         N/A       13%         2
d - Slow                  Hex            17%        N/A       4%          2
e - Conjure Flame         Conj/Fire      19%        6-21      7%          3
f - Mephitic Cloud        Conj/Pois/Air  18%        N/A       8%          3

Your spell library contained the following spells:

 Spells                   Type           Power      Damage    Failure   Level


Dungeon Overview and Level Annotations

Branches:
Dungeon (7/15)             Temple (1/1) D:5

Altars:
Ashenzari
Cheibriados
Dithmenos
Elyvilon
Fedhas
Gozag
Hepliaklqana
Kikubaaqudgha
Makhleb
Nemelex Xobeh
Okawaru
Qazlal
Ru
Sif Muna
Uskayaw
Vehumet
Wu Jian
Xom
Yredelemnul
Zin
The Shining One


Innate Abilities, Weirdness & Mutations

You have a pair of small antennae on your head.
You are mostly covered in molten scales. (AC +3)
A meltable shield of frost defends you. (SH +4)


Message History

Casting: Call Imp (safe; 13% risk of failure)
Confirm with . or Enter, or press ? or * to list all spells.
A beastly little devil appears in a puff of frigid air.
You now have 10/17 mp.
Casting: Call Imp (safe; 13% risk of failure)
Confirm with . or Enter, or press ? or * to list all spells.
A beastly little devil appears in a puff of frigid air.
You regained 2 hp, and now have 30/53 hp.
You now have 8/17 mp.
The alligator seems less confused.
The alligator barely misses your white imp.
The alligator tail-slaps your white imp!
Your white imp dies!
Welcome back, jasper the Demonspawn Hedge Wizard.
Vehumet says: Let it end in hellfire!
Press ? for a list of commands and other information.
Your white imp hits the alligator but does no damage.
Cast which spell? (? or * to list)
A beastly little devil appears in a puff of frigid air.
Your white imp gestures at the alligator.
The puff of frost hits the alligator.
The alligator bites you! The alligator tail-slaps you.
You take 11 damage, and have 22/53 hp.
MASSIVE DAMAGE!!
You now have 7/17 mp.
Your magical contamination has completely faded away.
Casting: Call Imp (safe; 13% risk of failure)
Confirm with . or Enter, or press ? or * to list all spells.
You blink.
The alligator bites your white imp!!
Your white imp dies!
You regained 2 hp, and now have 25/53 hp.
You now have 5/17 mp.
Your white imp hits the alligator but does no damage.
There is a stone staircase leading down here.
Things that are here:
a +0 leather armour; a +0 falchion
Casting: Blink (safe; 5% risk of failure)
Confirm with . or Enter, or press ? or * to list all spells.
You blink.
The alligator bites you!!
* * * LOW HITPOINT WARNING * * *
The alligator tail-slaps you!
You die...

### # ##.####### ##
##.#.##...#########.
#.###...#.........[#
##.#......#########.
#..###.### ##
#...##.# #
#.5t.#.######## #
#.@.ยง#........# #
#.##.#........# #
#....>...)....# #
###..##.......# #
##.#.##.......#
##...#.#.......# #
##..#..##.......# #
##.#.##.##.......# #
##.##.###.#.##.##.#
#


You could see an alligator (swift, ally target) and a friendly white imp
(summoned).

Vanquished Creatures
  Grinder (D:2)
  Prince Ribbit (D:6)
  A wyvern (D:7)
  Eustachio (D:6)
  Edmund (D:5)
  2 ogres
  3 necrophages
  A wyvern skeleton (D:7)
  A centaur zombie (D:7)
  A bullfrog zombie (D:5)
  A gnoll shaman (D:4)
  A jelly (D:4)
  An orc priest (D:4)
  A bullfrog skeleton (D:5)
  An iguana (D:6)
  2 orc wizards (D:5)
  A hound skeleton (D:4)
  5 gnolls
  A howler monkey skeleton (D:7)
  9 adders
  5 dart slugs
  7 orcs
  6 ball pythons
  2 bats (D:1)
  12 endoplasms
  4 giant cockroaches
  7 hobgoblins
  10 jackals
  5 kobolds
  A quokka (D:2)
  2 frilled lizards
  11 goblins
  4 rats
112 creatures vanquished.

Vanquished Creatures (collateral kills)
  An ogre (D:6)
  A kobold brigand (D:7)
  Terence (D:2)
  An iguana (D:5)
  2 gnolls (D:3)
  An endoplasm (D:3)
  A kobold (D:7)
8 creatures vanquished.

Vanquished Creatures (others)
  An orc (D:7)
1 creature vanquished.

Grand Total: 121 creatures vanquished

Notes
Turn   | Place    | Note
-------+----------+-------------------------------------------
     0 | D:1      | jasper the Demonspawn Hedge Wizard began the quest for the
                  | Orb.
     0 | D:1      | Reached XP level 1. HP: 13/13 MP: 4/4
    69 | D:1      | Reached skill level 1 in Translocations
   338 | D:1      | Gained mutation: A meltable shield of frost defends you.
                  | (SH +4) [demonic ancestry]
   338 | D:1      | Reached XP level 2. HP: 19/19 MP: 1/6
   388 | D:1      | Learned a level 2 spell: Blink
  1044 | D:1      | Reached XP level 3. HP: 24/24 MP: 1/8
  1047 | D:1      | Learned a level 2 spell: Call Imp
  1050 | D:1      | Learned a level 2 spell: Slow
  2212 | D:2      | Reached XP level 4. HP: 28/30 MP: 1/9
  2219 | D:2      | Learned a level 3 spell: Conjure Flame
  2712 | D:2      | Reached skill level 4 in Spellcasting
  2774 | D:2      | Noticed Terence
  2797 | D:2      | Killed Terence
  3090 | D:3      | Noticed Grinder
  3107 | D:3      | Paralysed by Grinder for 6 turns
  3119 | D:2      | Paralysed by Grinder for 4 turns
  3135 | D:2      | Killed Grinder
  3136 | D:2      | Reached skill level 5 in Spellcasting
  3136 | D:2      | Reached XP level 5. HP: 35/35 MP: 10/13
  3136 | D:2      | Gained mutation: You are partially covered in molten
                  | scales. (AC +2) [demonic ancestry]
  3136 | D:2      | Reached XP level 6. HP: 41/41 MP: 10/14
  3244 | D:3      | Reached skill level 6 in Spellcasting
  4445 | D:4      | Gained mutation: You are mostly covered in molten scales.
                  | (AC +3) [demonic ancestry]
  4445 | D:4      | Reached XP level 7. HP: 46/46 MP: 6/16
  4932 | D:4      | Reached skill level 5 in Conjurations
  4936 | D:4      | Learned a level 3 spell: Mephitic Cloud
  5439 | D:4      | Found a hide-covered altar of Uskayaw.
  5528 | D:5      | Entered Level 5 of the Dungeon
  5740 | D:5      | Reached skill level 1 in Hexes
  5905 | D:5      | Found a staircase to the Ecumenical Temple.
  5915 | Temple   | Entered the Ecumenical Temple
  6115 | Temple   | Became a worshipper of Vehumet
  6817 | D:6      | Noticed Edmund
  6864 | D:5      | Killed Edmund
  7038 | D:6      | Reached skill level 1 in Fire Magic
  7038 | D:6      | Gained mutation: You have a pair of small antennae on your
                  | head. [demonic ancestry]
  7038 | D:6      | Reached XP level 8. HP: 52/52 MP: 15/17
  7089 | D:6      | Noticed Eustachio
  7112 | D:6      | Killed Eustachio
  7365 | D:6      | Reached skill level 1 in Air Magic
  7365 | D:6      | Reached skill level 1 in Poison Magic
  7371 | D:6      | Identified the +4 trident "Tiuco" {flame, *Contam MP+9
                  | Str+4 Int+7}
  7642 | D:6      | Noticed Prince Ribbit
  7653 | D:6      | Killed Prince Ribbit
  7943 | D:7      | Noticed a boulder beetle
  7970 | D:7      | Noticed an alligator
  7970 | D:7      | a boulder beetle changed into an alligator
  8062 | D:6      | Mangled by an alligator

Illustrated notes

Levels and vault maps discovered:
D:1:      denvon_arrival_planthouse, layout_loops_cross, minmay_close_crescents
D:2:      layout_basic, uniq_terence
D:3:      layout_loops_ring, minmay_randomly_rotated_circles, uniq_grinder
D:4:      layout_basic, general_overflow_altar, grunt_ministairs_13
D:5:      layout_basic, minmay_temple_entry_sparse_star
D:6:      layout_loops_cross, uniq_eustachio, uniq_prince_ribbit1, uniq_edmund
D:7:      layout_rooms, small_statue_intersection, st_stairs_7, uniq_harold
Temple:   regret_index_temple_chain_breaker

Skill      XL: |  1  2  3  4  5  6  7  8 |
---------------+-------------------------+-----
Translocations | 1 3 |  3.1
Conjurations   | 2 3 4 5 |  5.0
Spellcasting   | 5 6 |  6.2
Hexes          | 3 |  3.4
Fire Magic     | 1 3 |  3.0
Air Magic      | 3 |  3.1
Poison Magic   | 3 |  3.4
Dodging        | 2 |  2.0
Fighting       | |  0.7
Stealth        | |  1.7
Summonings     | |  1.0
Evocations     | |  0.7

Action                   |  1- 3 |  4- 6 |  7- 9 || total
-------------------------+-------+-------+-------++-------
Melee: Dagger            |     3 |       |    99 ||   102
       Unarmed           |       |     9 |       ||     9
       Trident           |       |       |     6 ||     6
 Cast: Magic Dart        |   107 |    95 |   112 ||   314
       Call Imp          |     2 |    12 |    21 ||    35
       Conjure Flame     |       |     2 |     1 ||     3
       Blink             |       |     1 |     5 ||     6
       Slow              |       |       |     3 ||     3
       Mephitic Cloud    |       |       |     8 ||     8
Evoke: Wand              |       |       |     1 ||     1
  Use: Scroll            |       |       |    11 ||    11
       Potion            |       |       |     2 ||     2
 Stab: Confused          |       |     3 |     2 ||     5
       Distracted        |       |       |     1 ||     1
Armor: Robe              |     1 |     2 |    36 ||    39
       Skin              |       |     1 |       ||     1
Dodge: Dodged            |    12 |    20 |    78 ||   110
Block: Other             |     8 |     8 |    18 ||    34

Table legend: (Time is in decaauts)
 A = Elapsed time spent in this place.
 B = Non-inter-level travel time spent in this place.
 C = Inter-level travel time spent in this place.
 D = Time resting spent in this place.
 E = Time spent auto-exploring this place.
 F = Levels seen in this place.
 G = Mean time per level.
                   A        B        C        D        E       F      G
               +--------+--------+--------+--------+--------+-----+--------+
         Total |   8048 |   7719 |    329 |    433 |   6153 |   8 | 1006.0 |
       Dungeon |   7825 |   7549 |    276 |    433 |   5988 |   7 | 1117.9 |
        Temple |    223 |    170 |     53 |      0 |    165 |   1 |  223.0 |
               +--------+--------+--------+--------+--------+-----+--------+

Top non-repeatable levels by time:
     D:2: 1562 daAuts
     D:1: 1520 daAuts
     D:3: 1325 daAuts
     D:5: 1205 daAuts
     D:4: 1119 daAuts
     D:6: 847 daAuts
     D:7: 243 daAuts
  Temple: 223 daAuts
